 Dungeon Crawl Stone Soup version 0.26.1-11-gd32895ea62 (webtiles) character file.

Game seed: 10968182663215463977

343 Almogavar the Chiller (level 6, -1/41 HPs)
             Began as a Merfolk Ice Elementalist on May 27, 2021.
             Killed from afar by an electric eel (5 damage)
             ... with a bolt of electricity
             ... on level 6 of the Dungeon.
             The game lasted 00:22:54 (4733 turns).

Almogavar the Chiller (Merfolk Ice Elementalist)    Turns: 4733, Time: 00:22:55

Health: -1/41      AC: 10    Str:  9    XL:     6   Next: 57%
Magic:  7/10       EV: 14    Int: 25    God:
Gold:   276        SH:  0    Dex: 15    Spells: 7/11 levels left

rFire    . . .     SeeInvis .   p - +2 dagger (speed)
rCold    . . .     Faith    .   (no shield)
rNeg     + . .     Spirit   .   m - +1 ring mail of the Blizzard {Int+4}
rPois    .         Reflect  .   w - +2 helmet
rElec    .         Harm     .   (no cloak)
rCorr    .         Rampage  .   E - +0 pair of gloves
Will     .....                  (boots currently unavailable)
Stlth    ++........             C - amulet of regeneration
HPRegen  0.53/turn              s - +6 ring of intelligence
MPRegen  0.12/turn              y - ring of positive energy

@: very quick
A: change form in water, swift swim, stealthy swim
a: no special abilities


You were on level 6 of the Dungeon.
You visited 1 branch of the dungeon, and saw 5 of its levels.
You also visited: Sewer.

You collected 276 gold pieces.

Inventory:

Hand Weapons
 p - a +2 dagger of speed (weapon)
 q - a +0 club
Missiles
 b - 205 stones
 i - 63 poisoned darts (quivered)
 x - 4 boomerangs
Armour
 d - a +3 leather armour
 m - the +1 ring mail of the Blizzard (worn) {Int+4}
   (You found it on level 6 of the Dungeon)

   It affects your intelligence (+4).
 r - a +0 kite shield
 t - a cursed +0 robe
 w - a +2 helmet (worn)
 B - a +0 pair of boots (melded)
 E - a +0 pair of gloves (worn)
Jewellery
 s - a +6 ring of intelligence (left hand)
 u - an uncursed amulet of magic regeneration
 y - a ring of positive energy (right hand)
 A - a +4 ring of slaying {unknown}
 C - an amulet of regeneration (around neck)
Scrolls
 a - 3 scrolls of fog
 e - 4 scrolls of teleportation
 f - 3 scrolls of amnesia
 j - 4 scrolls of fear
 k - 3 scrolls of remove curse
Potions
 c - 3 potions of brilliance
 g - 3 potions of haste
 h - 3 potions of curing {unknown}
 l - 2 potions of attraction {unknown}
 n - 6 potions of might
 o - a potion of invisibility {unknown}
 v - 3 potions of degeneration {unknown}
 z - 2 potions of heal wounds {unknown}
 D - a potion of mutation {unknown}


   Skills:
 + Level 0.1 Fighting
 + Level 0.8 Throwing
 + Level 1.0 Armour
 + Level 3.4 Dodging
 + Level 2.3 Stealth
 + Level 3.1 Spellcasting
 + Level 7.1 Ice Magic


You had 7 spell levels left.
You knew the following spells:

 Your Spells              Type           Power        Failure   Level
a - Freeze                Ice            100%         1%          1
b - Frozen Ramparts       Ice            78%          4%          3

Your spell library contained the following spells:

 Spells                   Type           Power        Failure   Level
 Ozocubu's Armour         Ice            39%          4%          3
 Hailstorm                Conj/Ice       21%          54%         4
 Summon Ice Beast         Ice/Summ       21%          54%         4


Dungeon Overview and Level Annotations

Branches:
Dungeon (6/15)              Sewer (visited)
 Temple: D:4-7

Altars:
Trog


Message History

The ball python skeleton closely misses you.
Casting: Freeze (safe; 1% risk of failure)
Confirm with . or Enter, or press ? or * to list all spells.
Aiming: Freeze (safe; 1% risk of failure)
Press: ? - help, Shift-Dir - straight line, f - ball python skeleton, p - electric eel
Aim: a ball python skeleton (water, lightly damaged)
The ball python skeleton resists.
You freeze the ball python skeleton.
The ball python skeleton is moderately damaged.
The ball python skeleton bites you. The ball python skeleton misses you.
The electric eel shoots out a bolt of lightning at you!
The bolt of electricity hits the ball python skeleton!
The ball python skeleton is destroyed!
The bolt of electricity misses you.
Your magical contamination has completely faded away.
The electric eel shoots out a bolt of lightning at you!
The bolt of electricity hits you!
* * * LOW HITPOINT WARNING * * *
The electric eel shoots out a bolt of lightning at you!
The bolt of electricity hits you.
You die...

..+.........+........'...........
..#######.###........############
.........>.......................
........#.#######################
.≈≈≈....#.# ##≈≈≈≈≈≈≈≈≈≈###
≈≈≈≈≈..##.# #≈≈≈≈≈≈≈≈≈≈≈≈≈## #
≈≈.≈≈..##.# #≈≈≈≈≈≈≈≈≈≈≈#.####.
≈≈≈≈≈..##.# ####≈≈≈≈≈######....#
.≈≈≈...)..# #≈≈@≈≈≈≈≈≈≈## #....#
..........# #≈≈≈≈≈≈≈;≈≈≈# #....#
..........# #######≈≈≈≈≈# #....#
..........# #P..PP.≈≈≈≈≈≈###''##
#########.# #+##..≈†≈≈≈≈≈≈##..#
#########.# #.≈≈≈≈≈h≈####'###
........#.# #≈≈≈≈≈≈≈###.....≈
........#.# #≈≈≈≈≈≈##≈≈......
........#.# #.≈≈≈≈##≈≈.......


You could see an electric eel.

Vanquished Creatures
  A hound (D:6)
  2 worker ants
  A killer bee zombie (D:6)
  A hound zombie (D:6)
  Robin (D:2)
  5 adders
  6 river rats (Sewer)
  2 oozes (D:2)
  An adder skeleton (D:4)
  A worm (D:3)
  A dart slug (D:2)
  A leopard gecko (D:6)
  3 orcs
  7 ball pythons
  3 giant cockroaches
  13 goblins
  15 hobgoblins
  7 jackals
  3 quokkas
  9 bats
  11 frilled lizards
  4 kobolds
  11 rats
109 creatures vanquished.

Vanquished Creatures (others)
  A jackal (D:6)
  A ball python skeleton (D:6)
2 creatures vanquished.

Grand Total: 111 creatures vanquished

Notes
Turn   | Place    | Note
-------+----------+-------------------------------------------
     0 | D:1      | Almogavar the Merfolk Ice Elementalist began the quest for
                  | the Orb.
     0 | D:1      | Reached XP level 1. HP: 13/13 MP: 3/3
   214 | D:1      | Reached XP level 2. HP: 19/19 MP: 3/5
   371 | D:1      | Reached skill level 5 in Ice Magic
   795 | D:1      | Reached XP level 3. HP: 24/24 MP: 3/6
  1191 | D:2      | Noticed Robin
  1199 | D:2      | Killed Robin
  1201 | D:2      | Reached XP level 4. HP: 21/30 MP: 1/7
  2075 | D:3      | Reached skill level 6 in Ice Magic
  2158 | D:3      | Found a bloodstained altar of Trog.
  2187 | D:3      | Reached XP level 5. HP: 35/35 MP: 6/9
  3079 | D:4      | Learned a level 3 spell: Frozen Ramparts
  3256 | D:4      | You fall into a shaft and drop 2 floors!
  3365 | D:6      | Found a glowing drain.
  3417 | Sewer    | Entered a sewer
  3582 | Sewer    | Reached XP level 6. HP: 35/41 MP: 8/10
  3803 | Sewer    | Reached skill level 1 in Armour
  3868 | Sewer    | Reached skill level 7 in Ice Magic
  4073 | D:6      | Got a masterwork ring mail
  4084 | D:6      | Identified the +1 ring mail of the Blizzard {Int+4} (You
                  | found it on level 6 of the Dungeon)
  4733 | D:6      | Killed from afar by an electric eel

Illustrated notes

Levels and vault maps discovered:
D:1:      dpeg_arrival_simpleton_b, layout_rooms
D:2:      layout_loops_ring, uniq_robin
D:3:      layout_basic, serial_aquarium, aquarium_bridge_long_separate
          [aquarium_subvault_window, aquarium_subvault_bridge,
          aquarium_subvault_wall, aquarium_subvault_wall,
          aquarium_subvault_wall, aquarium_subvault_bridge],
          aquarium_bridge_straight [aquarium_subvault_bridge,
          aquarium_subvault_wall, aquarium_subvault_bridge,
          aquarium_subvault_wall], aquarium_window_1, aquarium_window_3,
          aquarium_window_1, aquarium_window_1, aquarium_view_2d,
          trog_three_pillars_becter
D:4:      layout_rooms
D:6:      wad_lake_hut, layout_basic, portal_sewer_entry_a

Skill      XL: |  1  2  3  4  5  6 |
---------------+-------------------+-----
Ice Magic      | 5 6 7 |  7.1
Dodging        | 3 |  3.4
Armour         | 1 |  1.0
Spellcasting   | 3 |  3.1
Fighting       | |  0.1
Throwing       | |  0.8
Stealth        | |  2.3

Action                   |  1- 3 |  4- 6 || total
-------------------------+-------+-------++-------
Melee: Unarmed           |     1 |       ||     1
       Dagger            |       |    43 ||    43
Throw: Stone             |    81 |       ||    81
       Dart              |     3 |    21 ||    24
 Cast: Freeze            |    48 |   119 ||   167
       Frozen Ramparts   |       |     2 ||     2
  Use: Scroll            |     2 |     7 ||     9
Armor: Robe              |     1 |       ||     1
       Leather armour    |     6 |    35 ||    41
       Ring mail         |       |     8 ||     8
Dodge: Dodged            |    18 |    92 ||   110
